 Dungeon Sprint DCSS version 0.14-a0-519-g334afa2 (webtiles) character file.

12000000 MDvedh the Ninja (level 27, -20/174 HPs)
             Began as a Spriggan Assassin on Nov 2, 2013.
             Was the Champion of Makhleb.
             Killed from afar by a lost soul (81 damage)
             ... with a bolt of negative energy
             ... in the Dungeon (Sprint VIII: "Arena of Blood").
             The game lasted 00:05:21 (120 turns).

MDvedh the Ninja (Spriggan Assassin)                 Turns: 120, Time: 00:05:21

HP -20/174       AC  6     Str  7      XL: 27
MP  43/50        EV 46     Int 13      God: Makhleb [******]
Gold 0           SH  0     Dex 30      Spells:  0 memorised, 80 levels left

Res.Fire  : . . .   See Invis. : +   n - +∞ Axe of Woe
Res.Cold  : . . .   Warding    : .   c - +0 robe
Life Prot.: . . .   Conserve   : .   (shield restricted)
Res.Poison: .       Res.Corr.  : .   (helmet restricted)
Res.Elec. : .       Clarity    : .   d - +0 cloak
Sust.Abil.: . .     Spirit.Shd : .   (gloves unavailable)
Res.Mut.  : .       Prev.Telep.: +   (boots unavailable)
Res.Rott. : .       Flight     : .   (no amulet)
Saprovore : . . .                    (no ring)
                                     (no ring)

@: quite poisoned, drained, very quick, extraordinarily resistant to hostile
enchantments, uncannily stealthy
A: unfitting armour, see invisible, herbivore 3, speed 3, slow metabolism 2
a: Minor Destruction, Lesser Servant of Makhleb, Major Destruction, Greater
Servant of Makhleb, Renounce Religion


You were in the Dungeon.
You worshipped Makhleb.
Makhleb was exalted by your worship.
You were not hungry.

You visited 1 branch

Inventory:

Hand weapons
 a - a +2,+2 dagger
 b - a +0 blowgun
 n - the +∞,+∞ Axe of Woe (weapon)
   (You found it in the Dungeon)
Missiles
 e - 8 poisoned needles
 f - 2 curare-tipped needles
Armour
 c - a +0 robe (worn)
 d - a +0 cloak (worn)
Jewellery
 o - a +27000,+30 ring of slaying
Potions
 g - a potion of porridge
 h - a potion of curing
 i - a potion of heal wounds
 j - a potion of speed
 k - 2 potions of magic
 l - a potion of berserk rage


   Skills:
 O Level 27(25.5) Fighting
 O Level 27(25.5) Short Blades
 O Level 27(25.5) Axes
 O Level 27(25.5) Throwing
 O Level 27(25.5) Armour
 O Level 27(25.5) Dodging
 O Level 27(25.5) Stealth
 O Level 27(25.5) Unarmed Combat
 O Level 27(25.5) Spellcasting
 O Level 27(25.5) Invocations


You had 80 spell levels left.
You didn't know any spells.

Dungeon Overview and Level Annotations

Branches:
Dungeon (1/1)

Altars:
Makhleb


Innate Abilities, Weirdness & Mutations

You are tiny and cannot use many weapons and most armour.
You have supernaturally acute eyesight.
You are a herbivore.
You cover ground extremely quickly.
You need consume almost no food.


Message History

You feel a little better.
You cleave the bag of meat in twain.
You kill the bag of meat!
Makhleb accepts your kill.
You feel sick.
The large abomination disappears in a puff of smoke!
You hear a shout!
The observer gazes at you.
The fireball explodes!
The fireball engulfs you!
You hear a shout!
The eight-headed meat hydra calls on the powers of darkness!
The meat berserker convulses!
The scourge convulses!
The eight-headed meat hydra convulses!
The observer convulses!
Your body is wracked with pain!
The bag of meat convulses!
You hear a shout!
The lost soul throws negative energy at you.
The bolt of negative energy hits the bag of meat.
The bag of meat is drained!
The bag of meat dies!
The bolt of negative energy hits you!
You feel drained.
You die...

#....%.. #.......#
....#.... #.O.....#
..#%...M.###.... ..###.
.......%......###......
......#.S......_....o..
.V...#..D....#.)...#..
##......%G.)#_.<._#
#....#.))).))#)....#..
.......#.).).@.._....M.
.o...M.)))o)§).###......
.....%..).###§......###.
...........#§)§%..§#
....%.....§#opo....#.
..#......o§§W.§.......
#.#.#..o§§§)S.......
#.#..%.............
#.#.........%%...#


You could see 3 accurseds, an eight-headed meat hydra, 2 scourges, an observer
(invisible), a lost soul (invisible), a meat berserker (berserk) and 2 bags of
meat.

Vanquished Creatures
  Edmund (D)
  4 greater mummies (D)
  7 hell beasts (D)
  9 hill giants (D)
  A hydra (D)
  3 liches (D)
  31 ogres (D)
  48 orcs (D)
  A phantom (D)
  6 skeletal warriors (D)
  7 vampire knights (D)
  2 wraiths (D)
  A sea snake (D)
  7 large abominations (D)
  2 tentacled monstrosities (D)
  2 soul eaters (D)
  A small abomination (D)
  11 crawling corpses (D)
144 creatures vanquished.

Vanquished Creatures (others)
  An orc (D)
  A large abomination (D)
  7 crawling corpses (D)
9 creatures vanquished.

Grand Total: 153 creatures vanquished

Notes
Turn   | Place    | Note
--------------------------------------------------------------
     0 | D        | MDvedh, the Spriggan Assassin, began the quest for the Orb.
     0 | D        | Reached XP level 1. HP: 10/10 MP: 1/1
     3 | D        | Noticed a meat berserker
     5 | D        | Killed a meat berserker
     5 | D        | Reached skill level 13 in Axes
     5 | D        | Reached skill level 21 in Dodging
     5 | D        | Reached skill level 23 in Stealth
     5 | D        | Reached XP level 2. HP: 14/14 MP: 3/3
     5 | D        | Reached XP level 3. HP: 18/18 MP: 5/5
     5 | D        | Reached XP level 4. HP: 22/22 MP: 7/7
     5 | D        | Reached XP level 5. HP: 25/25 MP: 9/9
     5 | D        | Reached XP level 6. HP: 30/30 MP: 11/11
     5 | D        | Reached XP level 7. HP: 34/34 MP: 13/13
     5 | D        | Reached XP level 8. HP: 38/38 MP: 15/15
     5 | D        | Reached XP level 9. HP: 42/42 MP: 17/17
     5 | D        | Reached XP level 10. HP: 46/46 MP: 18/18
     5 | D        | Reached XP level 11. HP: 50/50 MP: 20/20
     7 | D        | Became a worshipper of Makhleb the Destroyer
    10 | D        | Noticed a bag of meat
    12 | D        | Noticed a bag of meat
    13 | D        | Noticed a bag of meat
    13 | D        | Noticed a bag of meat
    15 | D        | Noticed a bag of meat
    15 | D        | Killed a bag of meat
    15 | D        | Reached skill level 15 in Axes
    15 | D        | Reached skill level 25 in Stealth
    15 | D        | Reached XP level 12. HP: 54/54 MP: 21/21
    17 | D        | Noticed a bag of meat
    18 | D        | Noticed a bag of meat
    20 | D        | Noticed a bag of meat
    21 | D        | Noticed a meat berserker
    21 | D        | Noticed a bag of meat
    21 | D        | Noticed a meat berserker
    21 | D        | Noticed a bag of meat
    21 | D        | Noticed a meat berserker
    22 | D        | Noticed a bag of meat
    22 | D        | Noticed a bag of meat
    22 | D        | Noticed a meat berserker
    23 | D        | Noticed a meat berserker
    24 | D        | Noticed a bag of meat
    24 | D        | Noticed a large bag of meat
    24 | D        | Noticed a large bag of meat
    24 | D        | Noticed a bag of meat
    24 | D        | Noticed a bag of meat
    25 | D        | Killed a meat berserker
    25 | D        | Acquired Makhleb's first power
    25 | D        | Reached skill level 26 in Dodging
    25 | D        | Reached skill level 27 in Stealth
    25 | D        | Reached XP level 13. HP: 58/58 MP: 22/22
    26 | D        | Noticed a bag of meat
    26 | D        | Noticed a bag of meat
    26 | D        | Noticed a meat berserker
    26 | D        | Killed a meat berserker
    26 | D        | Reached skill level 27 in Dodging
    26 | D        | Killed a meat berserker
    26 | D        | Reached XP level 14. HP: 62/62 MP: 23/23
    27 | D        | Killed a large bag of meat
    27 | D        | Acquired Makhleb's second power
    28 | D        | Noticed a bag of meat
    28 | D        | Noticed a bag of meat
    28 | D        | Noticed a bag of meat
    28 | D        | Killed a large bag of meat
    29 | D        | Noticed a bag of meat
    29 | D        | Killed a meat berserker
    29 | D        | Reached XP level 15. HP: 65/65 MP: 24/24
    29 | D        | Killed a bag of meat
    29 | D        | Acquired Makhleb's third power
    29 | D        | Killed a bag of meat
    29 | D        | Reached skill level 27 in Axes
    29 | D        | Reached skill level 5 in Short Blades
    29 | D        | Reached skill level 5 in Throwing
    29 | D        | Reached skill level 5 in Spellcasting
    30 | D        | Noticed a large bag of meat
    30 | D        | Killed a bag of meat
    30 | D        | Reached skill level 5 in Fighting
    30 | D        | Reached skill level 5 in Armour
    30 | D        | Reached skill level 5 in Unarmed Combat
    30 | D        | Reached XP level 16. HP: 57/76 MP: 24/34
    30 | D        | Killed a bag of meat
    30 | D        | Acquired Makhleb's fourth power
    31 | D        | Killed a bag of meat
    31 | D        | Reached skill level 10 in Short Blades
    31 | D        | Reached skill level 10 in Throwing
    31 | D        | Killed a meat berserker
    31 | D        | Reached skill level 10 in Invocations
    31 | D        | Killed a bag of meat
    31 | D        | Reached skill level 10 in Fighting
    31 | D        | Reached skill level 10 in Unarmed Combat
    32 | D        | Killed a bag of meat
    32 | D        | Acquired Makhleb's fifth power
    32 | D        | Reached skill level 10 in Armour
    32 | D        | Reached XP level 17. HP: 85/88 MP: 24/39
    32 | D        | Killed a bag of meat
    32 | D        | Reached skill level 15 in Spellcasting
    32 | D        | Killed a bag of meat
    32 | D        | Reached skill level 15 in Short Blades
    32 | D        | Reached skill level 15 in Throwing
    32 | D        | Killed a bag of meat
    32 | D        | Killed a meat berserker
    32 | D        | Reached skill level 15 in Invocations
    33 | D        | Noticed a destroyer
    33 | D        | Killed a bag of meat
    33 | D        | Reached XP level 18. HP: 82/98 MP: 24/42
    33 | D        | Killed a bag of meat
    33 | D        | Killed a bag of meat
    33 | D        | Killed a bag of meat
    33 | D        | Reached skill level 15 in Fighting
    33 | D        | Reached skill level 15 in Unarmed Combat
    34 | D        | Noticed a meat berserker
    34 | D        | Noticed a destroyer
    34 | D        | Killed a large bag of meat
    35 | D        | Killed a bag of meat
    35 | D        | Reached skill level 15 in Armour
    36 | D        | Noticed a meat berserker
    36 | D        | Noticed a meat berserker
    36 | D        | Killed a bag of meat
    36 | D        | Reached XP level 19. HP: 105/107 MP: 25/44
    37 | D        | Killed a bag of meat
    38 | D        | Killed a bag of meat
    39 | D        | Noticed a bag of meat
    39 | D        | Noticed a sculptor of flesh
    39 | D        | Noticed a large bag of meat
    40 | D        | Noticed a sculptor of flesh
    40 | D        | Noticed a large bag of meat
    40 | D        | Killed a meat berserker
    41 | D        | Noticed a bag of meat
    41 | D        | Noticed a large bag of meat
    41 | D        | Killed a meat berserker
    42 | D        | Noticed a bag of meat
    42 | D        | Killed a meat berserker
    42 | D        | Killed a destroyer
    42 | D        | Reached XP level 20. HP: 114/116 MP: 26/46
    44 | D        | Noticed a large bag of meat
    45 | D        | Noticed a sculptor of flesh
    45 | D        | Noticed a bag of meat
    45 | D        | Noticed a meat berserker
    45 | D        | Noticed a sculptor of flesh
    45 | D        | Noticed a bag of meat
    46 | D        | Noticed a bag of meat
    46 | D        | Noticed a bag of meat
    47 | D        | Noticed a bag of meat
    47 | D        | Noticed a destroyer
    47 | D        | Killed a large bag of meat
    48 | D        | Noticed a meat berserker
    48 | D        | Noticed a meat berserker
    48 | D        | Noticed a bag of meat
    48 | D        | Noticed a bag of meat
    49 | D        | Noticed an accursed
    49 | D        | Noticed a meat berserker
    51 | D        | Noticed a destroyer
    51 | D        | Noticed a destroyer
    51 | D        | Killed a large bag of meat
    52 | D        | Noticed a bag of meat
    52 | D        | Killed a destroyer
    52 | D        | Killed a meat berserker
    52 | D        | Killed a bag of meat
    53 | D        | Noticed a meat berserker
    53 | D        | Noticed a large bag of meat
    53 | D        | Killed a meat berserker
    53 | D        | Reached skill level 27 in Spellcasting
    53 | D        | Killed a sculptor of flesh
    53 | D        | Killed a bag of meat
    53 | D        | Reached XP level 21. HP: 124/126 MP: 28/48
    54 | D        | Noticed a bag of meat
    54 | D        | Noticed an accursed
    54 | D        | Killed a bag of meat
    54 | D        | Killed a sculptor of flesh
    55 | D        | Noticed a destroyer
    55 | D        | Killed a bag of meat
    55 | D        | Reached skill level 27 in Short Blades
    55 | D        | Reached skill level 27 in Throwing
    55 | D        | Killed a bag of meat
    55 | D        | Killed a bag of meat
    56 | D        | Noticed a bag of meat
    56 | D        | Noticed a destroyer
    56 | D        | Killed a bag of meat
    56 | D        | Killed a meat berserker
    56 | D        | Reached skill level 27 in Invocations
    56 | D        | Killed a large bag of meat
    56 | D        | Reached XP level 22. HP: 136/138 MP: 29/48
    57 | D        | Noticed a bag of meat
    57 | D        | Killed a meat berserker
    58 | D        | Noticed a bag of meat
    58 | D        | Noticed a meat berserker
    58 | D        | Killed a bag of meat
    58 | D        | Killed a destroyer
    58 | D        | Killed a destroyer
    59 | D        | Noticed a meat berserker
    59 | D        | Noticed a bag of meat
    59 | D        | Killed a bag of meat
    59 | D        | Killed a meat berserker
    59 | D        | Reached skill level 27 in Fighting
    59 | D        | Reached skill level 27 in Unarmed Combat
    60 | D        | Noticed a bag of meat
    60 | D        | Killed a destroyer
    61 | D        | Killed an accursed
    61 | D        | Reached skill level 27 in Armour
    61 | D        | Killed a destroyer
    61 | D        | Reached XP level 23. HP: 149/149 MP: 30/49
    62 | D        | Noticed a sculptor of flesh
    62 | D        | Noticed a meat beast
    62 | D        | Noticed a tyrant
    62 | D        | Killed a bag of meat
    62 | D        | Killed a large bag of meat
    63 | D        | Noticed a bag of meat
    63 | D        | Noticed an accursed
    63 | D        | Killed a meat berserker
    63 | D        | Killed a large bag of meat
    63 | D        | Killed a sculptor of flesh
    63 | D        | Killed a bag of meat
    63 | D        | Killed a bag of meat
    64 | D        | Noticed a bag of meat
    64 | D        | Noticed a meat berserker
    64 | D        | Killed a meat beast
    65 | D        | Killed a bag of meat
    65 | D        | Killed a sculptor of flesh
    65 | D        | Killed a bag of meat
    65 | D        | Reached XP level 24. HP: 156/156 MP: 31/49
    66 | D        | Noticed a dread
    66 | D        | Noticed a meat berserker
    66 | D        | Noticed a dread
    66 | D        | Noticed a meat berserker
    66 | D        | Killed a meat berserker
    66 | D        | Killed a dread
    66 | D        | Killed an accursed
    67 | D        | Killed a bag of meat
    67 | D        | Killed a bag of meat
    68 | D        | Noticed a bag of meat
    68 | D        | Noticed a bag of meat
    68 | D        | Killed a bag of meat
    69 | D        | Noticed a meat berserker
    69 | D        | Noticed a sculptor of flesh
    69 | D        | Killed a bag of meat
    70 | D        | Noticed a meat berserker
    70 | D        | Killed a bag of meat
    71 | D        | Noticed a meat beast
    71 | D        | Killed a meat berserker
    72 | D        | Noticed a bag of meat
    72 | D        | Killed a meat berserker
    72 | D        | Killed a meat berserker
    72 | D        | Reached XP level 25. HP: 81/161 MP: 32/50
    73 | D        | Noticed a meat beast
    73 | D        | Killed a destroyer
    73 | D        | Killed a sculptor of flesh
    73 | D        | Killed a meat berserker
    74 | D        | Killed a tyrant
    75 | D        | Killed a meat beast
    75 | D        | Killed a bag of meat
    77 | D        | Noticed a meat beast
    77 | D        | Killed a bag of meat
    77 | D        | Killed a meat berserker
    77 | D        | Killed a bag of meat
    78 | D        | Killed a meat beast
    79 | D        | Killed a meat beast
    80 | D        | Killed a sculptor of flesh
    80 | D        | Killed a bag of meat
    81 | D        | Noticed a meat berserker
    81 | D        | Killed a dread
    81 | D        | Reached XP level 26. HP: 168/168 MP: 34/50
    82 | D        | Noticed a meat berserker
    83 | D        | Noticed a lost soul
    83 | D        | Noticed a meat beast
    83 | D        | Noticed a lost soul
    84 | D        | Killed an accursed
    85 | D        | Noticed a lost soul
    85 | D        | Noticed a meat berserker
    85 | D        | Noticed a lost soul
    86 | D        | Noticed a dread
    86 | D        | Noticed a meat beast
    86 | D        | Noticed a lost soul
    86 | D        | Noticed a large bag of meat
    88 | D        | Noticed a meat berserker
    88 | D        | Killed a meat berserker
    89 | D        | Killed a meat berserker
    90 | D        | Noticed a bag of meat
    90 | D        | Noticed a destroyer
    92 | D        | Noticed a bag of meat
    93 | D        | Noticed a bag of meat
    93 | D        | Noticed a bag of meat
    93 | D        | Killed a meat beast
    94 | D        | Killed a meat beast
    94 | D        | Killed a meat berserker
    95 | D        | Noticed a bag of meat
    95 | D        | Killed a meat berserker
    96 | D        | Noticed a bag of meat
    98 | D        | Noticed a meat beast
   100 | D        | Noticed a tyrant
   100 | D        | Noticed a tyrant
   101 | D        | Killed a meat beast
   102 | D        | Noticed The Defiler
   102 | D        | Killed a large bag of meat
   103 | D        | Noticed an accursed
   104 | D        | HP: 2/168 [tyrant/the air (23)]
   105 | D        | Noticed a meat berserker
   105 | D        | Killed The Defiler
   105 | D        | Killed an accursed
   108 | D        | Noticed a meat berserker
   108 | D        | Killed a lost soul
   109 | D        | Noticed a bag of meat
   109 | D        | Noticed a bag of meat
   109 | D        | Noticed a bag of meat
   110 | D        | Noticed a meat berserker
   110 | D        | Noticed a bag of meat
   111 | D        | Noticed a meat berserker
   111 | D        | Noticed a meat berserker
   111 | D        | Noticed an observer
   111 | D        | Killed a meat berserker
   113 | D        | Killed a bag of meat
   113 | D        | Reached XP level 27. HP: 123/174 MP: 41/50
   114 | D        | Killed a bag of meat
   114 | D        | Killed a meat berserker
   115 | D        | Killed a tyrant
   116 | D        | Killed a meat berserker
   117 | D        | Killed a meat berserker
   118 | D        | Killed a bag of meat
   118 | D        | Killed a meat berserker
   118 | D        | Killed a bag of meat
   119 | D        | Noticed an accursed
   120 | D        | Noticed an accursed
   120 | D        | Noticed an accursed
   120 | D        | Killed a bag of meat
   120 | D        | Killed a tyrant
   120 | D        | Killed a bag of meat
   120 | D        | Killed a bag of meat
   120 | D        | Killed from afar by a lost soul

Action                   |  1- 3 |  4- 6 |  7- 9 | 10-12 | 13-15 | 16-18 | 19-21 | 22-24 | 25-27 || total
-------------------------+-------+-------+-------+-------+-------+-------+-------+-------+-------++-------
Melee: Broad axe         |     1 |       |       |     2 |     5 |     6 |     6 |     9 |    23 ||    52
